 Dungeon Crawl Stone Soup version 0.25-a0-566-g062765be81 (webtiles) character file.

Game seed: 12260348224354724558, levelgen mode: deterministic

29 Leibowitz the Shield-Bearer (level 2, 0/25 HPs)
             Began as a Demigod Fighter on Feb 27, 2020.
             Killed from afar by a goblin (8 damage)
             ... with a puff of flame
             ... on level 2 of the Dungeon.
             The game lasted 00:01:37 (849 turns).

Leibowitz the Shield-Bearer (Demigod Fighter)        Turns: 849, Time: 00:01:37

Health: 0/25       AC:  6    Str: 19    XL:     2   Next: 81%
Magic:  4/4        EV:  7    Int: 12    God:
Gold:   44         SH:  9    Dex: 15    Spells: 1/1 levels left

rFire    . . .     SeeInvis .   a - +0 long sword
rCold    . . .     Gourm    .   c - +0 kite shield
rNeg     . . .     Faith    .   b - +0 scale mail
rPois    .         Spirit   .   (no helmet)
rElec    .         Reflect  .   (no cloak)
rCorr    .         Harm     .   (no gloves)
MR       .....                  (no boots)
Stlth    ..........             j - amulet of inaccuracy (curse)
HPRegen  0.08/turn              (no ring)
MPRegen  0.09/turn              (no ring)

@: no status effects
A: high mp 1
a: no special abilities


You were on level 2 of the Dungeon.
You were not hungry.

You visited 1 branch of the dungeon, and saw 2 of its levels.

You collected 44 gold pieces.

Inventory:

Hand Weapons
 a - a +0 long sword (weapon)
Armour
 b - a +0 scale mail (worn)
 c - a +0 kite shield (worn)
Jewellery
 j - a cursed amulet of inaccuracy (around neck)
Scrolls
 i - a scroll of identify
 k - a scroll of enchant weapon {unknown}
 m - a scroll of remove curse {unknown}
Potions
 d - a potion of might
 e - a potion of ambrosia {unknown}
 g - a potion of degeneration {unknown}
 h - a potion of curing
 l - a potion of flight {unknown}
Comestibles
 f - 4 rations


   Skills:
 + Level 2.9 Fighting
 + Level 2.1 Long Blades
 + Level 2.9 Armour
 + Level 0.3 Dodging
 + Level 3.1 Shields


You had one spell level left.
You didn't know any spells.
Your spell library was empty.

Dungeon Overview and Level Annotations

Branches:
Dungeon (2/15)


Innate Abilities, Weirdness & Mutations

You have an increased reservoir of magic. (+10% MP)


Message History

You block the goblin's attack.
You closely miss the goblin. You block the goblin's attack.
You closely miss the goblin. The goblin hits you.
* * * LOW HITPOINT WARNING * * *
You hit the goblin.
The goblin is moderately wounded.
The goblin zaps a wand.
The puff of flame hits you.
* * * LOW HITPOINT WARNING * * *
The goblin hits you but does no damage.
You feel better. You block the goblin's attack.
Your scale mail prevents you from hitting the goblin.
The goblin is moderately wounded.
A goblin comes into view. It is wielding a +0 dagger.
The goblin hits you but does no damage.
You closely miss the goblin.
The goblin is moderately wounded.
The goblin shouts!
The goblin closely misses you.
The goblin zaps a wand.
The puff of flame hits you!
You die...

.....$.......
...........
......... .....(#
....# #†.# ...#
#†# ...# #)# ...#
. #@## #..##..
.g.#.#g.##.......
#.....g.#.).....
#...#.###.........
.. ... #<......>.
#.# #...........
## #..##.......
#.. .##.... ..?.
## ...


You could see 2 goblins.

Vanquished Creatures
  An adder (D:2)
  4 bats
  2 giant cockroaches
  4 hobgoblins
  2 frilled lizards
  4 kobolds (D:1)
  A rat (D:2)
18 creatures vanquished.

Notes
Turn   | Place    | Note
-------+----------+-------------------------------------------
     0 | D:1      | Leibowitz the Demigod Fighter began the quest for the Orb.
     0 | D:1      | Reached XP level 1. HP: 18/18 MP: 3/3
   321 | D:1      | Reached XP level 2. HP: 25/25 MP: 4/4
   494 | D:1      | Reached skill level 3 in Shields
   846 | D:2      | HP: 1/25 [goblin/puff of flame (2)]
   849 | D:2      | Killed from afar by a goblin

Levels and vault maps discovered:
D:1:      psy_arrival_terrarium, layout_basic, feat_on_display
D:2:      minmay_spotlight, layout_rooms, chequers_ecumenical_altar_simple_redux

Skill      XL: |  1  2 |
---------------+-------+-----
Shields        | 3 |  3.1
Long Blades    | 2 |  2.1
Fighting       | |  2.9
Armour         | |  2.9
Dodging        | |  0.3

Action                   || total
-------------------------++-------
Melee: Long sword        ||    77
  Use: Scroll            ||     2
       Potion            ||     1
Armor: Scale mail        ||    53
Dodge: Dodged            ||    28
Block: Kite shield       ||    49
       Rpst.: Long sword ||    12

Table legend:
 A = Non-vault XP
 B = Vault XP
 C = Vault XP percentage of total XP
 D = Non-vault monster count
 E = Vault monster count
 F = Vault count percentage of total count
                 A         B        C        D         E       F
            +---------+---------+-------+---------+---------+-------
      Total |      39 |       3 |   7.1 |      16 |       2 |  11.1
            +---------+---------+-------+---------+---------+-------
        D:1 |      20 |       0 |   0.0 |      11 |       0 |   0.0
        D:2 |      19 |       3 |  13.6 |       5 |       2 |  28.6
            +---------+---------+-------+---------+---------+-------
